 Dungeon Crawl Stone Soup version 0.27-a0-597-g524d869a0f (webtiles) character file.

Game seed: 4067017211157856644

15900 Cancer the Eclecticist (level 12, -5/66 HPs)
             Began as a Deep Elf Conjurer on Mar 11, 2021.
             Was an Elder of Sif Muna.
             Slain by a minotaur zombie (23 damage)
             ... in a Gauntlet.
             The game lasted 01:10:07 (15619 turns).

Cancer the Eclecticist (Deep Elf Conjurer)         Turns: 15619, Time: 01:10:07

Health: -5/66      AC: 10    Str:  4    XL:     12   Next: 5%
Magic:  20/33      EV: 14    Int: 29    God:    Sif Muna [****..]
Gold:   804        SH:  0    Dex: 19    Spells: 27/41 levels left

rFire    + . .     SeeInvis .   q - +4 quarterstaff (chaos)
rCold    . . .     Faith    .   (shield currently unavailable)
rNeg     . . .     Spirit   .   D - +0 troll leather armour
rPois    .         Reflect  .   K - +2 helmet
rElec    .         Harm     .   r - +0 cloak
rCorr    .         Rampage  .   s - +0 pair of gloves
Will     +....     NoTele   +   (no boots)
Stlth    +++.......             G - amulet of magic regeneration
HPRegen  1.21/turn              m - ring of protection from fire
MPRegen  0.48/turn              I - +6 ring of dexterity

@: no status effects
A: no striking features
a: Renounce Religion, Channel Magic, Forget Spell, Divine Exegesis


You were in a Gauntlet.
You worshipped Sif Muna.
Sif Muna was greatly pleased with you.
You visited 3 branches of the dungeon, and saw 12 of its levels.
You also visited: Gauntlet.

You collected 804 gold pieces.

Inventory:

Hand Weapons
 q - a +4 quarterstaff of chaos (weapon)
Armour
 r - a +0 cloak (worn)
 s - a +0 pair of gloves (worn)
 B - a +3 ring mail of poison resistance
 C - a +1 robe of fire resistance
 D - a +0 troll leather armour (worn)
 K - a +2 helmet (worn)
 S - a +1 helmet of intelligence
 Z - the +1 chain mail of the Cockroach {rC- Dex+4 Stlth+}
   (You took it off a minotaur in a Gauntlet)

   It affects your dexterity (+4).
   It makes you vulnerable to cold.
   It makes you more stealthy.
Magical Staves
 y - a staff of death
 A - a staff of fire
 Q - a staff of death
 T - a staff of air
 V - a staff of cold
Jewellery
 l - a ring of ice
 m - a ring of protection from fire (right hand)
 G - an amulet of magic regeneration (around neck)
 I - a +6 ring of dexterity (left hand)
 W - a ring of ice
 X - a ring of protection from cold
Wands
 j - a wand of mindburst (16)
 o - a wand of paralysis (8)
 w - a wand of iceblast (16)
 z - a wand of flame (44)
 M - a wand of random effects (18)
Scrolls
 c - 10 scrolls of identify {unknown}
 f - a scroll of summoning {unknown}
 g - a scroll of enchant armour {unknown}
 h - a scroll of random uselessness {unknown}
 i - 2 scrolls of enchant weapon {unknown}
 k - 5 scrolls of teleportation {unknown}
 p - a scroll of immolation {unknown}
 t - a scroll of blinking {unknown}
 u - a scroll of magic mapping {unknown}
 H - 2 scrolls of fear {unknown}
 N - a scroll of brand weapon {unknown}
Potions
 a - 2 potions of cancellation {unknown}
 b - 7 potions of curing {unknown}
 d - 4 potions of flight {unknown}
 e - 3 potions of lignification {unknown}
 n - a potion of mutation {unknown}
 v - a potion of berserk rage {unknown}
 x - 2 potions of brilliance {unknown}
 E - a potion of heal wounds {unknown}
 F - 2 potions of attraction {unknown}
 J - a potion of ambrosia {unknown}
 O - 2 potions of might {unknown}
 R - 2 potions of haste {unknown}
 U - a potion of resistance {unknown}
Miscellaneous
 P - a tin of tremorstones (2/2)


   Skills:
 - Level 4.0 Fighting
 - Level 4.0 Armour
 - Level 6.0 Dodging
 - Level 6.0 Stealth
 + Level 15.0 Spellcasting
 + Level 13.3 Conjurations
 - Level 4.0 Hexes
 - Level 2.0 Translocations
 + Level 1.4 Invocations


You had 27 spell levels left.
You knew the following spells:

 Your Spells              Type           Power      Damage    Failure   Level
a - Magic Dart            Conj           100%       1d8       0%          1
b - Searing Ray           Conj           100%       3d7       1%          2
c - Dazzling Flash        Conj/Hex       100%       N/A       1%          3
d - Fulminant Prism       Conj/Hex       32%        3d16      1%          4
e - Iskenderun's Mystic   Conj/Tloc      60%        2d13      1%          4

Your spell library contained the following spells:

 Spells                   Type           Power      Damage    Failure   Level
 Apportation              Tloc           66%        N/A       1%          1
 Corona                   Hex            48%        N/A       1%          1
 Animate Skeleton         Necr           42%        N/A       3%          1
 Beastly Appendage        Tmut           42%        N/A       3%          1
 Summon Small Mammal      Summ           84%        N/A       3%          1
 Summon Guardian Golem    Hex/Summ       33%        N/A       4%          3
 Call Imp                 Summ           21%        N/A       5%          2
 Wereblood                Tmut           21%        N/A       5%          2
 Call Canine Familiar     Summ           21%        N/A       11%         3
 Spider Form              Tmut/Pois      10%        N/A       11%         3
 Ice Form                 Ice/Tmut       21%        N/A       36%         4
 Summon Ice Beast         Ice/Summ       21%        N/A       36%         4
 Summon Lightning Spire   Summ/Air       21%        N/A       36%         4
 Blade Hands              Tmut           10%        N/A       71%         5


Dungeon Overview and Level Annotations

Branches:
Dungeon (8/15)             Temple (1/1) D:7            Lair (3/6) D:8
  Snake (0/4) Lair:3      Gauntlet (1/1)
  Swamp: Lair:2-4    Shoals: Lair:2-4

Altars:
Ashenzari
Cheibriados
Dithmenos
Elyvilon
Fedhas
Gozag
Hepliaklqana
Kikubaaqudgha
Makhleb
Nemelex Xobeh
Okawaru
Qazlal
Ru
Sif Muna
Trog
Uskayaw
Vehumet
Wu Jian
Xom
Yredelemnul
Zin
The Shining One
Jiyva

Shops:
D:4 =

Annotations:
D:3 makwall
D:6 wall(12g)
D:8 dancewall, stash
Lair:2 explore Gauntlet 6 transporters, 2 runed translucent doors


Message History

You hit the minotaur zombie but do no damage.
The minotaur zombie is lightly damaged.
The minotaur zombie barely misses you. The minotaur zombie closely misses you.
You sock the minotaur zombie!
The minotaur zombie seems to speed up.
The minotaur zombie is lightly damaged.
The minotaur zombie hits you but does no damage.
The minotaur zombie barely misses you. The minotaur zombie hits you!!
The minotaur zombie gores you.
You hit the minotaur zombie.
The minotaur zombie is moderately damaged.
The minotaur zombie hits you! The minotaur zombie barely misses you.
Casting: Searing Ray (safe; 1% risk of failure)
Confirm with . or Enter, or press ? or * to list all spells.
Aiming: Fulminant Prism (dangerous; 1% risk of failure)
Press: ? - help, Dir - move target You conjure a prism of explosive energy!
A fulminant prism comes into view.
The minotaur zombie misses you. The minotaur zombie gores you.
The minotaur zombie completely misses you.
The minotaur zombie gores you.
Your fulminant prism crackles loudly.
Items here: ( )))).
Casting: Fulminant Prism (dangerous; 1% risk of failure)
Confirm with . or Enter, or press ? or * to list all spells.
You erupt in a blast of force!
The mystic blast hits the minotaur zombie but does no damage.
The minotaur zombie is moderately damaged.
The minotaur zombie hits you. The minotaur zombie gores you.
* * * LOW HITPOINT WARNING * * *
Your fulminant prism explodes!
The blast of energy engulfs the minotaur zombie!
The minotaur zombie is moderately damaged.
Casting: Iskenderun's Mystic Blast (dangerous; 1% risk of failure)
Confirm with . or Enter, or press ? or * to list all spells.
Aiming: Fulminant Prism (dangerous; 1% risk of failure)
Press: ? - help, Dir - move target You conjure a prism of explosive energy!
A fulminant prism comes into view.
The minotaur zombie hits you!!
You die...

#.≈##...#
#.≈≈#.8.######
#.≈##...##...#
#.###.8.##.#.#
#..##......#.# ###
#...#.8.##.#.# #.#
#.∩.#...##..†###*###
#...#.©.##.#.##.Z..#
..8.#......#.'..@.⌠+
#...#.©.##.#.##∩...#
#.∩.#...##...##..⌠.#
#...#.8.##.#.####+##
#..##......#.#
#.###.8.##.#.#
#.≈##...##...#
#.≈≈#.8.######
#.≈##...#


You could see a minotaur zombie (fast, ally target) and a friendly fulminant
prism.

Vanquished Creatures
  A minotaur (Gauntlet)
  A hydra (Lair:1)
  An oklob plant (Lair:1)
  2 black mambas (Lair:3)
  6 cane toads
  7 komodo dragons
  A rime drake (Lair:1)
  A troll (D:6)
  3 hornets (Gauntlet)
  A polar bear (Lair:3)
  2 raiju (Gauntlet)
  9 blink frogs (Lair:2)
  A wyvern (Lair:2)
  6 yaks (Lair:3)
  2 basilisks
  2 steam dragons (Gauntlet)
  Menkaure (D:7)
  6 water moccasins
  Duvessa (D:6)
  An orc warrior (D:6)
  2 sky beasts
  2 black bears
  7 ogres
  3 centaurs (D:6)
  11 bullfrogs
  A gnoll sergeant (D:6)
  9 scorpions
  Dowan (D:6)
  3 killer bees (D:8)
  A howler monkey (D:4)
  A quasit (D:5)
  Crazy Yiuf (D:2)
  7 hounds
  A jelly (D:6)
  7 orc priests
  A bullfrog skeleton (D:6)
  Jessica (D:2)
  7 orc wizards
  2 iguanas
  5 worker ants
  A lightning spire (Gauntlet)
  A hound zombie (D:6)
  18 gnolls
  21 adders
  2 white imps
  An ufetubus (D:8)
  2 oozes
  3 adder zombies
  2 adder skeletons (D:4)
  4 worms
  2 dart slugs (D:3)
  4 leopard geckos
  15 orcs
  3 ball pythons
  7 giant cockroaches
  9 goblins
  9 hobgoblins
  12 jackals
  2 kobolds
  6 quokkas
  A ball python skeleton (D:6)
  16 bats
  10 frilled lizards
  A jackal skeleton (D:5)
  2 leopard gecko skeletons
  A leopard gecko zombie (D:5)
  A quokka skeleton (D:7)
  A quokka zombie (D:6)
  6 rats
  A spectral orc (D:6)
292 creatures vanquished.

Vanquished Creatures (others)
  A demonic plant (Gauntlet)
  60 fulminant prisms
  9 fungi
  20 plants
90 creatures vanquished.

Grand Total: 382 creatures vanquished

Notes
Turn   | Place    | Note
-------+----------+-------------------------------------------
     0 | D:1      | Cancer the Deep Elf Conjurer began the quest for the Orb.
     0 | D:1      | Reached XP level 1. HP: 10/10 MP: 6/6
   263 | D:1      | Reached XP level 2. HP: 15/15 MP: 5/8
   856 | D:1      | Learned a level 2 spell: Searing Ray
  1145 | D:2      | Found a runed translucent door.
  1146 | D:2      | Noticed Crazy Yiuf
  1281 | D:2      | Reached XP level 3. HP: 19/19 MP: 1/10
  1285 | D:2      | Learned a level 3 spell: Dazzling Flash
  1640 | D:2      | Noticed Jessica
  1642 | D:2      | Killed Jessica
  1643 | D:2      | Reached skill level 4 in Spellcasting
  1643 | D:2      | Reached skill level 5 in Conjurations
  1643 | D:2      | Reached XP level 4. HP: 24/24 MP: 9/12
  1701 | D:2      | Found a blossoming altar of Fedhas.
  2648 | D:3      | Reached skill level 5 in Spellcasting
  2649 | D:3      | Reached XP level 5. HP: 28/28 MP: 9/14
  2763 | D:2      | Learned a level 4 spell: Fulminant Prism
  2768 | D:2      | Learned a level 4 spell: Iskenderun's Mystic Blast
  3534 | D:3      | Found a burning altar of Makhleb.
  3534 | D:3      | Noticed an Executioner
  3537 | D:3      | Noticed a neqoxec
  3537 | D:3      | Noticed a smoke demon
  3613 | D:3      | Found a snail-covered altar of Cheibriados.
  3718 | D:2      | Killed Crazy Yiuf
  3885 | D:4      | Reached XP level 6. HP: 32/32 MP: 13/16
  3940 | D:4      | Reached skill level 1 in Armour
  4043 | D:4      | Reached skill level 6 in Spellcasting
  4181 | D:4      | Reached XP level 7. HP: 36/36 MP: 8/19
  4442 | D:4      | Found Kakerytu's Jewellery Boutique.
  4459 | D:4      | Reached skill level 7 in Spellcasting
  4751 | D:4      | Found a broken altar of Ashenzari.
  4752 | D:4      | Found a shimmering blue altar of Sif Muna.
  4763 | D:4      | Became a worshipper of Sif Muna the Loreminder
  5137 | D:4      | Reached skill level 1 in Hexes
  5424 | D:5      | Entered Level 5 of the Dungeon
  5574 | D:5      | Found a glowing golden altar of the Shining One.
  5643 | D:5      | Reached skill level 8 in Spellcasting
  5733 | D:5      | Reached XP level 8. HP: 41/41 MP: 16/22
  5959 | D:5      | Reached skill level 1 in Fighting
  5989 | D:5      | Found an iron altar of Okawaru.
  6306 | D:5      | Reached * piety under Sif Muna
  7092 | D:5      | Identified the +1 barding "Wamein" {Dex+2}
  7497 | D:6      | Found a stormy altar of Qazlal.
  7553 | D:6      | Found a basalt altar of Yredelemnul.
  7581 | D:6      | Reached skill level 9 in Spellcasting
  7669 | D:6      | Reached skill level 1 in Translocations
  8058 | D:6      | Noticed Duvessa
  8058 | D:6      | Noticed Dowan
  8060 | D:6      | Killed Dowan
  8066 | D:6      | Killed Duvessa
  8158 | D:6      | Found a radiant altar of Vehumet.
  8158 | D:6      | Found a hazy altar of Hepliaklqana.
  8202 | D:6      | Reached XP level 9. HP: 36/48 MP: 16/24
  8463 | D:6      | Reached ** piety under Sif Muna
  8464 | D:6      | Reached skill level 10 in Spellcasting
  8731 | D:6      | Noticed a troll
  8736 | D:6      | Killed a troll
  9168 | D:6      | Reached skill level 10 in Conjurations
  9395 | D:7      | Found a staircase to the Ecumenical Temple.
  9401 | Temple   | Entered the Ecumenical Temple
  9580 | D:7      | Noticed Menkaure
  9583 | D:7      | Killed Menkaure
  9584 | D:7      | Reached skill level 11 in Spellcasting
 10261 | D:7      | Reached *** piety under Sif Muna
 10504 | D:8      | Noticed a +0 short sword
 10504 | D:8      | Noticed a +0 falchion
 10504 | D:8      | Noticed a +0 short sword
 10504 | D:8      | Noticed a +0 dagger
 10504 | D:8      | Noticed a +0 dagger
 10505 | D:8      | Noticed a +0 spear
 10505 | D:8      | Noticed a +0 spear
 10506 | D:8      | Noticed a +0 falchion
 11014 | D:8      | Reached XP level 10. HP: 53/53 MP: 19/27
 11191 | D:8      | Found a hide-covered altar of Uskayaw.
 11600 | D:8      | Found a staircase to the Lair.
 11628 | Lair:1   | Entered Level 1 of the Lair of Beasts
 11628 | Lair:1   | Noticed an oklob plant
 11634 | Lair:1   | Killed an oklob plant
 11635 | Lair:1   | Reached skill level 12 in Spellcasting
 11821 | Lair:1   | Noticed a cane toad
 11826 | Lair:1   | Killed a cane toad
 12355 | Lair:1   | Noticed an eight-headed hydra
 12413 | Lair:1   | Noticed a cane toad
 12422 | Lair:1   | Killed a cane toad
 12423 | Lair:1   | Reached skill level 5 in Dodging
 12423 | Lair:1   | Reached skill level 13 in Spellcasting
 12480 | Lair:1   | Killed an eight-headed hydra
 12755 | Lair:1   | Noticed a cane toad
 12760 | Lair:1   | Killed a cane toad
 12761 | Lair:1   | Reached XP level 11. HP: 57/57 MP: 24/30
 13610 | Lair:2   | Reached **** piety under Sif Muna
 13611 | Lair:2   | Reached skill level 5 in Stealth
 14123 | Lair:2   | Reached skill level 14 in Spellcasting
 14785 | Lair:3   | Found a staircase to the Snake Pit.
 14951 | Lair:3   | Found a gate leading to a gauntlet.
 14979 | Gauntlet | Entered a Gauntlet
 14979 | Gauntlet | Found a transporter.
 14979 | Gauntlet | Found a transporter.
 14982 | Gauntlet | Found a transporter.
 14982 | Gauntlet | Found a transporter.
 14986 | Gauntlet | Found a transporter.
 14986 | Gauntlet | Found a transporter.
 15030 | Gauntlet | Found a transporter.
 15034 | Gauntlet | Found a transporter.
 15047 | Gauntlet | Found a transporter.
 15061 | Gauntlet | Found a runed translucent door.
 15063 | Gauntlet | Found a transporter.
 15074 | Gauntlet | Found a runed translucent door.
 15076 | Gauntlet | Noticed a white ugly thing
 15076 | Gauntlet | Noticed a cyan ugly thing
 15076 | Gauntlet | Noticed a great orb of eyes
 15078 | Gauntlet | Found a transporter.
 15099 | Gauntlet | Found a transporter.
 15100 | Gauntlet | Found a runed translucent door.
 15280 | Gauntlet | Paralysed by a hornet for 3 turns
 15292 | Gauntlet | HP: 3/60 [poisoned by a hornet]
 15297 | Gauntlet | HP: 3/60 [poisoned by a hornet]
 15563 | Gauntlet | Identified the +1 chain mail of the Cockroach {rC- Dex+4
                  | Stlth+}
 15563 | Gauntlet | Noticed a minotaur
 15576 | Gauntlet | Killed a minotaur
 15577 | Gauntlet | Reached skill level 15 in Spellcasting
 15577 | Gauntlet | Reached skill level 1 in Invocations
 15577 | Gauntlet | Reached XP level 12. HP: 24/66 MP: 11/33
 15619 | Gauntlet | Slain by a minotaur zombie

Illustrated notes

Levels and vault maps discovered:
D:1:      dpeg_arrival_morbid_curiosity, layout_basic
D:2:      layout_loops_ring, fedhas_altar_1, uniq_jessica,
          uniq_crazy_yiuf_cottage
D:3:      layout_basic, makhleb_altar_promises_db, kennysheep_slug_shrine
D:4:      minmay_thinvault, layout_basic, gammafunk_temple_overflow_pools,
          serial_shops, nicolae_shop_waterfront, guppyfry_early_lair_pool
D:5:      layout_layer_cave, nicolae_tso_carved_into_rock,
          kennysheep_little_box, st_stairs_8
D:6:      cheibrodos_barr_body, layout_basic,
          yredelemnul_forgotten_temple_becter,
          gammafunk_temple_overflow_elements, lemuel_doored_altar,
          item_on_display_a, uniq_duvessa
D:7:      layout_gridville, minmay_temple_entry_hall, uniq_menkaure
D:8:      old_forge, layout_basic, nicolae_uskayaw_en_pointe, lair_entry_dummy
Temple:   pf_slime_end_temple
Lair:1:   layout_cave_pods, dpeg_stationary_puzzle, grunt_megastairs_5
Lair:2:   layout_layer_cave, lemuel_fruit_fields, lemuel_fruit_fields,
          grunt_megastairs_2
Lair:3:   layout_loops_ring, minmay_snake_entry_six_corridors,
          gauntlet_entry_generic, grunt_megastairs_3
Gauntlet: minmay_gauntlet_77_indecision
          [minmay_gauntlet_arena_77_terracotta_army,
          minmay_gauntlet_arena_77_museum, minmay_gauntlet_arena_77_two_paths,
          minmay_gauntlet_arena_77_path, minmay_gauntlet_arena_77_checkered,
          minmay_gauntlet_arena_77_shame_cube, gauntlet_exit_hidden_loot]

Skill      XL: |  1  2  3  4  5  6  7  8  9 10 11 |
---------------+----------------------------------+-----
Stealth        | 3 4 6 |  6.0
Dodging        | 3 5 6 |  6.0
Spellcasting   | 4 5 6 8 9 11 13 15 | 15.0
Conjurations   | 5 6 7 9 10 12 13 | 13.3
Armour         | 2 3 4 |  4.0
Hexes          | 3 4 |  4.0
Fighting       | 2 4 |  4.0
Translocations | 2 |  2.0
Invocations    | 1 |  1.4

Action                   |  1- 3 |  4- 6 |  7- 9 | 10-12 || total
-------------------------+-------+-------+-------+-------++-------
Melee: Mace              |     7 |     7 |     9 |       ||    23
       Short sword       |       |       |     8 |       ||     8
       Whip              |       |       |       |     4 ||     4
       Staff             |       |       |       |     1 ||     1
       Quarterstaff      |       |       |       |     5 ||     5
 Cast: Magic Dart        |    35 |    92 |   388 |    52 ||   567
       Searing Ray       |     1 |    11 |    29 |    51 ||    92
       Fulminant Prism   |       |       |     9 |    52 ||    61
       Iskenderun's Myst |       |       |       |    10 ||    10
       Dazzling Flash    |       |       |       |     1 ||     1
 Stab: Sleeping          |     1 |       |       |       ||     1
Armor: Robe              |     2 |     5 |       |       ||     7
       Leather armour    |       |     3 |    32 |       ||    35
       Troll leather arm |       |       |     6 |    48 ||    54
Dodge: Dodged            |     6 |    19 |    77 |    74 ||   176

Table legend: (Time is in decaauts)
 A = Elapsed time spent in this place.
 B = Non-inter-level travel time spent in this place.
 C = Inter-level travel time spent in this place.
 D = Time resting spent in this place.
 E = Time spent auto-exploring this place.
 F = Levels seen in this place.
 G = Mean time per level.
                   A        B        C        D        E       F      G
               +--------+--------+--------+--------+--------+-----+--------+
         Total |  15652 |  14909 |    743 |   1051 |  10556 |  13 | 1204.0 |
       Dungeon |  11741 |  11248 |    493 |    650 |   8872 |   8 | 1467.6 |
        Temple |    113 |     99 |     14 |      0 |     30 |   1 |  113.0 |
          Lair |   3145 |   2909 |    236 |    294 |   1654 |   3 | 1048.3 |
      Gauntlet |    650 |    650 |      0 |    107 |      0 |   1 |  650.0 |
               +--------+--------+--------+--------+--------+-----+--------+

Top non-repeatable levels by time:
     D:5: 2019 daAuts
     D:6: 1926 daAuts
     D:2: 1713 daAuts
     D:4: 1634 daAuts
  Lair:1: 1451 daAuts
  Lair:2: 1376 daAuts
     D:8: 1340 daAuts
     D:3: 1141 daAuts
     D:7: 1024 daAuts
     D:1: 940 daAuts
Gauntlet: 650 daAuts
  Lair:3: 317 daAuts
  Temple: 113 daAuts
